 Dungeon Crawl Stone Soup version 0.27-a0-965-gbf8bb431c4 (webtiles) character file.

Game seed: 10826487775332981480

102 mhtbhm the Digger (level 4, -6/25 HPs)
             Began as a Gargoyle Earth Elementalist on Apr 12, 2021.
             Killed from afar by Ijyb (16 damage)
             ... with an iceblast
             ... on level 2 of the Dungeon.
             The game lasted 00:04:24 (3506 turns).

mhtbhm the Digger (Gargoyle Earth Elementalist)     Turns: 3506, Time: 00:04:24

Health: -6/25      AC:  5    Str: 12    XL:     4   Next: 77%
Magic:  8/8        EV: 12    Int: 16    God:
Gold:   23         SH:  0    Dex: 10    Spells: 3/9 levels left

rFire    . . .     SeeInvis .   a - +0 club
rCold    . . .     Faith    .   (no shield)
rNeg     + . .     Spirit   .   c - +0 robe
rPois    ∞         Reflect  .   (no helmet)
rElec    +         Harm     .   (no cloak)
rCorr    .         Rampage  .   (no gloves)
Will     .....                  (no boots)
Stlth    ++........             (no amulet)
HPRegen  0.08/turn              (no ring)
MPRegen  0.11/turn              (no ring)

@: no status effects
A: AC +3, negative energy resistance 1, electricity resistance, torment
resistance 1, unbreathing 1, petrification resistance
a: no special abilities


You were on level 2 of the Dungeon.
You visited 1 branch of the dungeon, and saw 3 of its levels.

You collected 23 gold pieces.

Inventory:

Hand Weapons
 a - a +0 club (weapon)
Missiles
 b - 32 stones
 f - 31 poisoned darts (quivered)
Armour
 c - a +0 robe (worn)
Scrolls
 h - a scroll of silence {unknown}
 i - a scroll of fear {unknown}
Potions
 d - a potion of curing {unknown}
 e - a potion of might
 g - a potion of magic {unknown}


   Skills:
 + Level 1.3 Fighting
 + Level 1.0 Maces & Flails
 + Level 2.2 Dodging
 - Level 2.1 Stealth
 + Level 3.0 Spellcasting
 + Level 0.7 Transmutations
 + Level 4.4 Earth Magic


You had 3 spell levels left.
You knew the following spells:

 Your Spells              Type           Power      Damage    Failure   Level
a - Sandblast             Erth           32%        2d9       3%          1
b - Passwall              Tmut/Erth      8%         N/A       10%         2
c - Stone Arrow           Conj/Erth      18%        3d8       22%         3

Your spell library contained the following spells:

 Spells                   Type           Power      Damage    Failure   Level
 Petrify                  Tmut/Erth      10%        N/A       54%         4
 Lee's Rapid Deconstruct  Erth           8%         3d8*      63%         5


Dungeon Overview and Level Annotations

Branches:
Dungeon (3/15)

Altars:

Shops:
D:2 :

Annotations:
D:2 Ijyb


Innate Abilities, Weirdness & Mutations

Your stone body is resilient. (AC +3)
You are immune to poison.
You resist negative energy. (rN+)
You are resistant to electric shocks. (rElec)
You are resistant to unholy torment.
You can survive without breathing.
You are immune to petrification.


Message History

Things that are here:
a +0 rapier; a hobgoblin skeleton You aren't carrying any items that you can evoke.
Unknown command.
Throw: 34 darts (poison)
Press: ? - help, Q - select action, (/) - cycle Shift-Dir - straight line, f - goblin
Aim: a goblin, wielding a +3 dagger (45% to hit)
You throw a poisoned dart. The poisoned dart hits the goblin.
The goblin is poisoned.
Unknown command.
Throw: 33 darts (poison)
Press: ? - help, Q - select action, (/) - cycle Shift-Dir - straight line, f/p - goblin
Aim: a goblin, wielding a +3 dagger (poisoned, 45% to hit)
You throw a poisoned dart. The poisoned dart hits the goblin.
The goblin looks even sicker.
Unknown command.
Throw: 32 darts (poison)
Press: ? - help, Q - select action, (/) - cycle Shift-Dir - straight line, f/p - goblin
Aim: a goblin, wielding a +3 dagger (very poisoned, 45% to hit)
You throw a poisoned dart. The poisoned dart misses the goblin.
The poisoned dart hits the goblin.
The goblin is poisoned.
You closely miss the goblin.
You kill the goblin!
The goblin hits you with a +3 dagger.
Unknown command.
You closely miss the goblin.
The goblin is moderately wounded.
The goblin hits you with a +3 dagger. The goblin closely misses you.
You closely miss the goblin.
Ijyb zaps a wand.
The mass of ice explodes!
The iceblast engulfs the goblin!
The goblin dies!
The iceblast engulfs you!
Ouch! That really hurt!
You hear a shout!
Unknown command.
Okay, then.
Ijyb zaps a wand.
The mass of ice explodes!
The iceblast engulfs you!
Ouch! That really hurt!
You die...

...................#
.........##.#####..#
#.##.######.# #.># #.##.#
#.# #..# #.##.# #.# #..##
...#.# #.# ##...# #..#.#
#.# #..(.#####
###########.# #........#
.8.8.8..#..####@...#...#
g.g..g...g.g))).#........#
...g......#####............
........#.# ###..........
........#.# ##.#....=..
........#.# ..#...##..
.8.8.8..#.# #..#### ..
######..#.# .... ...... ##


You could see Ijyb and a goblin.

Vanquished Creatures
  3 adders
  5 dart slugs
  6 bats
  7 endoplasms
  4 giant cockroaches
  2 hobgoblins (D:2)
  7 jackals
  3 quokkas
  7 ball pythons
  3 frilled lizards (D:1)
  6 goblins
  5 rats (D:1)
58 creatures vanquished.

Vanquished Creatures (others)
  A goblin (D:2)
1 creature vanquished.

Grand Total: 59 creatures vanquished

Notes
Turn   | Place    | Note
-------+----------+-------------------------------------------
     0 | D:1      | mhtbhm the Gargoyle Earth Elementalist began the quest for
                  | the Orb.
     0 | D:1      | Reached XP level 1. HP: 10/10 MP: 3/3
   715 | D:1      | Reached skill level 4 in Earth Magic
   715 | D:1      | Reached XP level 2. HP: 15/15 MP: 1/5
   718 | D:1      | Learned a level 2 spell: Passwall
   832 | D:1      | You fall into a shaft and drop 1 floor!
   994 | D:2      | Found Osap's Book Emporium.
  1002 | D:2      | Found a faded altar of an unknown god.
  1296 | D:1      | Reached XP level 3. HP: 9/19 MP: 2/6
  1358 | D:1      | Learned a level 3 spell: Stone Arrow
  2398 | D:3      | Reached skill level 1 in Fighting
  2398 | D:3      | Reached XP level 4. HP: 6/25 MP: 0/8
  3146 | D:2      | Reached skill level 1 in Maces & Flails
  3492 | D:2      | Noticed Ijyb
  3506 | D:2      | Killed from afar by Ijyb

Illustrated notes

Levels and vault maps discovered:
D:1:      denvon_arrival_planthouse, layout_loops_ring, st_stairs_3
D:2:      kennysheep_the_goblin_king, layout_loops_ring, serial_shops,
          nicolae_shop_waterfront, basic_altar, basic_ecumenical_altar,
          item_on_display_a
D:3:      wad_pebble_path, layout_basic, hellmonk_ghost_happy_afterlife

Skill      XL: |  1  2  3  4 |
---------------+-------------+-----
Earth Magic    | 4 |  4.4
Dodging        | 2 |  2.2
Fighting       | 1 |  1.3
Spellcasting   | 3 |  3.0
Maces & Flails | 1 |  1.0
Stealth        | |  2.1
Transmutations | |  0.7

Action                   |  1- 3 |  4- 6 || total
-------------------------+-------+-------++-------
Melee: Unarmed           |    46 |       ||    46
       Club              |    84 |    93 ||   177
Throw: Dart              |     1 |     3 ||     4
 Cast: Sandblast         |    38 |     2 ||    40
       Stone Arrow       |       |     2 ||     2
  Use: Scroll            |       |     2 ||     2
 Stab: Sleeping          |     4 |     1 ||     5
Armor: Robe              |    95 |    37 ||   132
Dodge: Dodged            |   131 |    81 ||   212

Table legend: (Time is in decaauts)
 A = Elapsed time spent in this place.
 B = Non-inter-level travel time spent in this place.
 C = Inter-level travel time spent in this place.
 D = Time resting spent in this place.
 E = Time spent auto-exploring this place.
 F = Levels seen in this place.
 G = Mean time per level.
                   A        B        C        D        E       F      G
               +--------+--------+--------+--------+--------+-----+--------+
         Total |   3555 |   3540 |     15 |   1364 |   1479 |   3 | 1185.0 |
       Dungeon |   3555 |   3540 |     15 |   1364 |   1479 |   3 | 1185.0 |
               +--------+--------+--------+--------+--------+-----+--------+

Top non-repeatable levels by time:
     D:1: 2051 daAuts
     D:2: 773 daAuts
     D:3: 730 daAuts
